 Dungeon Crawl Stone Soup version 0.28-a0-845-gfc338a8e3c (webtiles) character file.

Game seed: 3640376715969126062

4 croobank the Gusty (level 1, -1/7 HPs)
             Began as a Felid Air Elementalist on Nov 12, 2021.
             Slain by a kobold (5 damage)
             ... on level 1 of the Dungeon.
             The game lasted 00:01:17 (51 turns).

croobank the Gusty (Felid Air Elementalist)           Turns: 51, Time: 00:01:17

Health: -1/7       AC:  1    Str:  4    XL:     1   Next: 50%
Magic:  0/4        EV: 17    Int: 16    God:
Gold:   0          SH:  0    Dex: 16    Spells: 3/4 levels left
                                        Lives:  0   Deaths: 0

rFire   . . .      SeeInvis +   (weapon unavailable)
rCold   . . .      Faith    .   (shield unavailable)
rNeg    . . .      Spirit   .   (armour unavailable)
rPois   .          Reflect  .   (helmet unavailable)
rElec   .          Harm     .   (cloak unavailable)
rCorr   .          Rampage  .   (gloves unavailable)
Will    .....                   (boots unavailable)
Stlth   ++........              (no amulet)
HPRegen 0.02/turn               (no ring)
MPRegen 0.09/turn               (no ring)

@: quick
A: very small, claws 1, fangs 3, see invisible, speed 1, shaggy fur 1, stealthy
paws, no weapons or thrown items, no armour, multi-lived
a: no special abilities


You were on level 1 of the Dungeon.
You visited 1 branch of the dungeon, and saw 1 of its levels.

You aren't carrying anything.


   Skills:
 + Level 2.7 Dodging
 + Level 2.7 Stealth
 + Level 2.0 Spellcasting
 + Level 0.8 Conjurations
 + Level 2.9 Air Magic


You had 3 spell levels left.
You knew the following spells:

 Your Spells              Type           Power      Damage    Failure   Level
a - Shock                 Conj/Air       28%        1d4       10%         1

Your spell library contained the following spells:

 Spells                   Type           Power      Damage    Failure   Level
 Static Discharge         Conj/Air       7%         N/A       14%         2
 Swiftness                Air            10%        N/A       19%         3
 Airstrike                Air            5%         N/A       52%         4


Dungeon Overview and Level Annotations

Branches:
Dungeon (1/15)

Altars:


Innate Abilities, Weirdness & Mutations

You have sharp claws.
You have razor-sharp teeth.
You have supernaturally acute eyesight. (SInv)
You cover ground quickly. (Speed+)
You are covered in fur. (AC +1)
Your paws help you pounce on unaware monsters.
You are incapable of wielding weapons or throwing items.
You cannot wear armour.
You gain extra lives every three experience levels.


Message History

The jackal barely misses you.
Aiming: Shock (safe; 10% risk of failure)
Press: ? - help, Q - select action Shift-Dir - straight line The zap hits the jackal.
You kill the jackal!
The zap misses the jackal.
The zap hits the jackal.
The jackal is severely wounded.
You don't have enough magic to cast this spell.
You don't have enough magic to cast this spell.
You scratch the jackal.
You kill the jackal!
You open the door.
A ball python comes into view.
The ball python hisses angrily.
You close the door.
As you open the door, it creaks loudly!
Aiming: Shock (safe; 10% risk of failure)
Press: ? - help, Q - select action Shift-Dir - straight line The zap hits the kobold.
The kobold is moderately wounded.
The zap misses the kobold.
The kobold throws a stone.
The stone hits you.
You closely miss the kobold.
The kobold is moderately wounded.
The kobold misses you.
You scratch the kobold but do no damage.
The kobold is moderately wounded.
The kobold throws a stone.
The stone misses you.
The stone closely misses the kobold.
The kobold hits you with a +0 short sword.
There is an open door here.
You scratch the kobold.
The kobold is severely wounded.
The kobold closely misses you.
You scratch the kobold but do no damage.
Your bite misses the kobold.
The kobold is severely wounded.
The kobold hits you with a +0 short sword.
Ouch! That really hurt!
You die...

. #...†.K.#...+
.≈S≈#+###K#####.#'#+#
.≈≈≈≈≈+...#...#...#
.≈≈≈≈≈#.###.<.'.⌠.+
.≈≈≈≈ #.###...'.⌠.+
.≈≈≈ +...#...#...#
.≈≈ ###.#####.### .≈
+.KK.g..+ . ##@###+##
#≈≈≈≈≈≈≈# ≈≈≈≈≈≈≈≈≈≈≈
≈≈≈≈≈≈≈≈≈≈≈≈≈
≈≈≈≈≈≈≈≈≈≈≈≈≈≈≈
...............
...............
.###..#.#..####


You could see a goblin and 2 kobolds.

Vanquished Creatures
  3 jackals (D:1)
3 creatures vanquished.

Notes
Turn   | Place    | Note
-------+----------+-------------------------------------------
     0 | D:1      | croobank the Felid Air Elementalist began the quest for the
                  | Orb.
     0 | D:1      | Reached XP level 1. HP: 7/7 MP: 4/4
    51 | D:1      | Slain by a kobold

Illustrated notes

Levels and vault maps discovered:
D:1:      dpeg_arrival_castle, layout_loops_ring,
          minmay_misc_feat_secret_circle, minmay_tetromino_s4

Action                   || total
-------------------------++-------
Melee: Unarmed           ||     7
 Cast: Shock             ||     6
Armor: Skin              ||     1
Dodge: Dodged            ||    11

Table legend: (Time is in decaauts)
 A = Elapsed time spent in this place.
 B = Non-inter-level travel time spent in this place.
 C = Inter-level travel time spent in this place.
 D = Time resting spent in this place.
 E = Time spent auto-exploring this place.
 F = Levels seen in this place.
 G = Mean time per level.
                   A        B        C        D        E       F      G
               +--------+--------+--------+--------+--------+-----+--------+
         Total |     44 |     44 |      0 |      0 |     13 |   1 |   44.0 |
       Dungeon |     44 |     44 |      0 |      0 |     13 |   1 |   44.0 |
               +--------+--------+--------+--------+--------+-----+--------+

Top non-repeatable levels by time:
     D:1: 44 daAuts
